 Dungeon Crawl Stone Soup version 0.17.2-1-ge4368a0 (webtiles) character file.

72 jacquesderrida the Poker (level 4, 0/34 HPs)
             Began as a Vine Stalker Wanderer on Nov 25, 2016.
             Was an Initiate of Ashenzari.
             Slain by an iguana (4 damage)
             ... on level 4 of the Dungeon.
             The game lasted 00:03:48 (728 turns).

jacquesderrida the Poker (Vine Stalker Wanderer)     Turns: 728, Time: 00:03:49

Health: 0/34       AC: 22    Str: 14    XL:     4   Next: 26%
Magic:  0/5        EV:  2    Int: 18    God:    Ashenzari [......]
Gold:   73         SH:  0    Dex: 16    Spells: 0 memorised, 3 levels left

rFire  . . .     SeeInvis .     a - +2 spear
rCold  . . .     Clarity  .     (armour currently unavailable)
rNeg   + + +     SustAt   .     (no shield)
rPois  +         Gourm    .     (helmet currently unavailable)
rElec  .         Spirit   +     (cloak currently unavailable)
rCorr  .         Warding  .     (gloves currently unavailable)
rMut   .         NoTele   +     (boots currently unavailable)
MR     .....                    (no amulet)
Stlth  +++.......               (no ring)
                                m - +2 ring of intelligence

@: brilliant, tree-form, not resistant to hostile enchantments, fairly stealthy
A: (fangs 0), regeneration 1, magic shield, (antimagic bite), no device heal 3,
rot immunity
a: Renounce Religion


You were on level 4 of the Dungeon.
You worshipped Ashenzari.
Ashenzari was noncommittal.
You were not hungry.
You were a tree.
You visited 2 branches of the dungeon, and saw 5 of its levels.

You collected 73 gold pieces.

Inventory:

Hand Weapons
 a - a +2 spear (weapon)
Missiles
 h - 7 poisoned needles
 q - 5 tomahawks (quivered)
Armour
 b - a +0 ring mail (melded)
 d - a +1 cloak (melded)
 l - a +0 chain mail
Jewellery
 m - a +2 ring of intelligence (left branch)
Scrolls
 f - 2 scrolls of fog {unknown}
 i - a scroll of enchant weapon {unknown}
 k - a scroll of magic mapping {unknown}
 n - 4 scrolls of identify {unknown}
 o - a scroll of curse armour
 r - a scroll of blinking {unknown}
 s - 2 scrolls of curse jewellery
Comestibles
 e - 4 bread rations


   Skills:
 - Level 2.6 Fighting
 + Level 3.6 Polearms
   Level 1.0 Bows
 - Level 1.0 Throwing
 - Level 1.5 Armour
 - Level 2.4 Stealth


You had 3 spell levels left.
You didn't know any spells.

Dungeon Overview and Level Annotations

Branches:
Dungeon (4/15)             Temple (1/1) D:4

Altars:
Ashenzari
Cheibriados
Dithmenos
Elyvilon
Fedhas
Gozag
Kikubaaqudgha
Makhleb
Nemelex Xobeh
Okawaru
Ru
Sif Muna
Trog
Vehumet
Xom
Yredelemnul
Zin
The Shining One

Annotations:
D:4 Pikel


Innate Abilities, Weirdness & Mutations

((You have extremely sharp teeth.))
Your natural rate of healing is unusually fast.
When hurt, damage is shared between your health and your magic reserves.
((Your bite disrupts and absorbs the magic of your enemies.))
Potions and wands cannot restore your health.
You are immune to rotting.


Message History

You hit Pikel but do no damage. The iguana bites you.
* * * LOW HITPOINT WARNING * * *
Pikel hits you but does no damage.
You miss Pikel. The iguana bites you.
* * * LOW HITPOINT WARNING * * *
Pikel hits you but does no damage.
You closely miss Pikel.
The iguana bites you but does no damage.
Pikel hits you but does no damage.
You barely miss Pikel.
The iguana bites you but does no damage.
Pikel hits you but does no damage.
You hit Pikel.
Pikel is lightly wounded.
The iguana bites you but does no damage.
Pikel hits you but does no damage.
You barely miss Pikel.
Pikel is lightly wounded.
The iguana bites you.
You die...

#........###...<....#.#
#.p..........#.####.#†#
#..pKp.......#.#
#.#.####
..p...p......#..
#.#....###
##'#+#####.##....#.....
#..............#.#.....
#....######.##+#.#.....
#...p######... ..+.....
#...pK♣looo... ..#.)...
#...p#######.....#.....
#....# ...#.....
####....# #.....
#.......# ######
#..÷....#
########.......#
...............#
################


You could see Pikel, 3 slaves, an iguana and 3 orcs.

Vanquished Creatures
  A worker ant (D:4)
  2 adders
  A worm (D:4)
  A giant gecko (D:4)
  An orc (D:3)
  A ball python (D:3)
  A giant cockroach (D:2)
  A hobgoblin (D:2)
  8 jackals
  2 bats (D:2)
  3 giant newts
  2 kobolds (D:2)
  A quokka (D:4)
  A rat (D:2)
26 creatures vanquished.

Notes
Turn   | Place    | Note
--------------------------------------------------------------
     0 | D:1      | jacquesderrida the Vine Stalker Wanderer began the quest for the Orb.
     0 | D:1      | jacquesderrida set off with: a +2 spear, a +0 ring mail, a scroll of teleportation, a +0 dagger, a bread ration
     0 | D:1      | Reached XP level 1. HP: 11/11 MP: 2/2
   105 | D:2      | Reached XP level 2. HP: 16/16 MP: 3/3
   316 | D:2      | Reached XP level 3. HP: 19/19 MP: 4/4
   401 | D:4      | Reached skill level 3 in Polearms
   470 | D:4      | Reached XP level 4. HP: 6/23 MP: 1/5
   522 | D:4      | Found a staircase to the Ecumenical Temple.
   566 | Temple   | Entered the Ecumenical Temple
   608 | Temple   | Became a worshipper of Ashenzari the Shackled
   702 | D:4      | Noticed Pikel
   702 | D:4      | Noticed a slave
   702 | D:4      | Noticed a slave
   703 | D:4      | Noticed a slave
   717 | D:4      | Noticed a slave
   728 | D:4      | Slain by an iguana

Action                   |  1- 3 |  4- 6 || total
-------------------------+-------+-------++-------
Melee: Spear             |    80 |    24 ||   104
  Use: Scroll            |     1 |     1 ||     2
       Potion            |       |     3 ||     3
 Stab: Sleeping          |     2 |     2 ||     4
